 Dungeon Sprint DCSS version 0.31-a0-325-g067879e3d3 (webtiles) character file.

Game seed: 14374253890069548866

14736 Conn the Scorcher (level 12, -6/108 HPs)
             Began as an Octopode Fire Elementalist on July 18, 2023.
             Was the Champion of Sif Muna.
             Mangled by Urug
             ... wielding a +3 eveningstar of holy wrath
              (18 damage)
             ... in the Dungeon (Sprint III: "The Ten Rune Challenge").
             The game lasted 00:30:31 (3938 turns).

Conn the Scorcher (Octopode Fire Elementalist)      Turns: 3938, Time: 00:30:32

Health: -6/108     AC:  8    Str:  8    XL:     12   Next: 19%
Magic:  19/40      EV: 15    Int: 26    God:    Sif Muna [******]
Gold:   1682       SH:  0    Dex: 17    Spells: 2/42 levels left

rFire   + + .        f - +0 glaive of the Telling Madman {protect, rF+ Int+2 Dex+4}
rCold   . . .        (shield currently unavailable)
rNeg    . . .        (helmet restricted)
rPois   .            (no amulet)
rElec   .            t - ring of magical power
rCorr   .            u - ring "Ydedeugi" {rF+ Int+3}
SInv    .            (no ring)
Will    .....        (no ring) Stlth
                     (no ring)
HPRegen 0.38/turn    (no ring)
MPRegen 0.27/turn    (no ring)
                     (no ring)

%: no teleportation, clarity
@: berserking, under a protective aura, hasted, very quick
A: almost no armour, amphibious, 8 rings, camouflage 1, gelatinous body 1,
(nimble swimmer 1), tentacles, clarity
a: Renounce Religion, Channel Magic, Forget Spell, Divine Exegesis


You were in the Dungeon.
You worshipped Sif Muna.
Sif Muna was exalted by your worship.
You visited 1 branch You collected 1877 gold pieces.
You spent 195 gold pieces at shops.

Inventory:

Hand Weapons
 f - the +0 glaive of the Telling Madman (weapon) {protect, rF+ Int+2 Dex+4}
   (You bought it in a shop in the Dungeon)

   Int:       It affects your intelligence (+2).
   Dex:       It affects your dexterity (+4).
   rF:        It protects you from fire.
 i - a +4 quarterstaff of chaos
 o - a +0 dagger
 p - a +3 mace of protection
 q - the +7 morningstar of Qil Qopn {speed, rElec rF+ rC-}
   (You took it off a deep elf pyromancer in the Dungeon)

   rF:        It protects you from fire.
   rC:        It makes you vulnerable to cold.
   rElec:     It insulates you from electricity.
 w - the +9 falchion "Ygadomua" {heavy, Will+ rCorr Int-3 Stlth+}
   (You found it in the Dungeon)

   Int:       It affects your intelligence (-3).
   rCorr:     It protects you from acid and corrosion.
   Will:      It increases your willpower.
   Stlth:     It makes you more stealthy.
Magical Staves
 x - a staff of cold
 y - a staff of poison
 z - a staff of conjuration
Jewellery
 t - a ring of magical power (left tentacle)
 u - the ring "Ydedeugi" (right tentacle) {rF+ Int+3}
   (You found it in the Dungeon)

   [ring of protection from fire]

   Int:       It affects your intelligence (+3).
   rF:        It protects you from fire.
Talismans
 g - a beast talisman
Wands
 s - a wand of mindburst (4)
Scrolls
 h - a scroll of revelation
 j - a scroll of torment
 m - a scroll of immolation
 r - 2 scrolls of amnesia
 v - a scroll of silence
Potions
 a - 3 potions of magic
 b - 2 potions of curing
 l - 2 potions of might
 n - 4 potions of mutation


   Skills:
 + Level 3.4 Fighting
 + Level 5.0 Dodging
 - Level 7.3 Stealth
 + Level 2.1 Unarmed Combat
 + Level 15.6 Spellcasting
 + Level 12.4 Conjurations
 + Level 4.5 Hexes
 * Level 5.1 Summonings
 + Level 16.5 Fire Magic
 * Level 6.5 Ice Magic
 * Level 10.7 Invocations


You had 2 spell levels left.
You knew the following spells:

 Your Spells              Type           Power      Damage    Failure   Level
a - Foxfire               Conj/Fire      100%       2x1d9     0%          1
b - Scorch                Fire           100%       2d9       0%          2
c - Inner Flame           Hex/Fire       66%        N/A       1%          3
d - Flame Wave            Conj/Fire      77%        2d17      1%          4
e - Fireball              Conj/Fire      38%        3d16      1%          5
f - Hailstorm             Conj/Ice       62%        3d13      1%          3
g - Ignition              Fire           41%        3d12      19%         8
h - Starburst             Conj/Fire      38%        6d11      1%          6
i - Summon Ice Beast      Ice/Summ       50%        N/A       2%          4
j - Iskenderun's Mystic   Conj/Tloc      51%        2d11      1%          4

Your spell library contained the following spells:

 Spells                   Type           Power      Damage    Failure   Level
 Shock                    Conj/Air       100%       1d9       1%          1
 Slow                     Hex            100%       N/A       1%          1
 Call Imp                 Summ           94%        N/A       1%          2
 Ensorcelled Hibernation  Hex/Ice        98%        N/A       1%          2
 Searing Ray              Conj           100%       2d8       1%          2
 Sting                    Tmut/Pois      80%        1d7       2%          1
 Lesser Beckoning         Tloc           40%        N/A       4%          2
 Passwall                 Tmut/Erth      16%        N/A       4%          2
 Poisonous Vapours        Pois/Air       40%        N/A       4%          2
 Volatile Blastmotes      Fire/Tloc      100%       2d18      1%          3
 Fulminant Prism          Conj/Hex       29%        3d13      1%          4
 Sticky Flame             Conj/Fire      77%        2d9       1%          4
 Cause Fear               Hex            22%        N/A       4%          4
 Irradiate                Conj/Tmut      25%        3d20      5%          5
 Gell's Gravitas          Tloc           20%        N/A       8%          3
 Swiftness                Air            20%        N/A       8%          3
 Teleport Other           Tloc           20%        N/A       8%          3
 Vampiric Draining        Necr           20%        2d7       8%          3
 Metabolic Englaciation   Hex/Ice        24%        N/A       8%          5
 Summon Mana Viper        Hex/Summ       45%        N/A       10%         5
 Animate Dead             Necr           20%        N/A       26%         4
 Dispel Undead            Necr           20%        3d11      26%         4
 Manifold Assault         Tloc           20%        N/A       26%         4
 Olgreb's Toxic Radiance  Pois           20%        N/A       26%         4
 Summon Forest            Summ/Tloc      16%        N/A       26%         5
 Silence                  Hex/Air        16%        N/A       28%         5
 Yara's Violent Unravell  Hex/Tmut       16%        3d8       28%         5
 Spellforged Servitor     Conj/Summ      30%        N/A       52%         7
 Alistair's Intoxication  Tmut/Pois      13%        N/A       58%         5
 Simulacrum               Ice/Necr       18%        N/A       71%         6
 Ozocubu's Refrigeration  Ice            26%        4d13      83%         7
 Monstrous Menagerie      Summ           23%        N/A       95%         7
 Enfeeble                 Hex            22%        N/A       98%         7
 Dispersal                Tloc           10%        N/A       99%         6
 Malign Gateway           Summ/Tloc      16%        N/A       100%        7
 Disjunction              Tloc           10%        N/A       100%        8
 Dragon's Call            Summ           23%        N/A       100%        9


Dungeon Overview and Level Annotations

Branches:
Dungeon (1/1)

Altars:
Cheibriados
Dithmenos
Elyvilon
Fedhas
Gozag
Hepliaklqana
Kikubaaqudgha
Makhleb
Nemelex Xobeh
Okawaru
Qazlal
Ru
Sif Muna
Trog
Uskayaw
Vehumet
Wu Jian
Xom
Yredelemnul
Zin
The Shining One
Jiyva
Lugonu

Shops:
D (

Annotations:
D Urug


Innate Abilities, Weirdness & Mutations

You cannot wear most types of armour.
You are amphibious.
You can wear up to eight rings at the same time.
Your skin changes colour to match your surroundings (Stealth+).
Your rubbery body absorbs attacks. (AC +1, EV +1)
((You are camouflaged when in or above water. (Stealth+)))
You have tentacles for arms and can constrict up to eight enemies at once.
You possess an exceptional clarity of mind.


Message History

Casting: Scorch (safe; 0% risk of failure)
Confirm with . or Enter, or press ? or * to list all spells.
You conjure some foxfire!
The tyrant leech bites your ice beast!
Your ice beast closely misses the tyrant leech.
Urug is engulfed in blazing flames.
The foxfire hits Urug but does no damage.
Urug is lightly wounded.
Okay, then.
Unknown command.
Unknown command.
Unknown command.
Okay, then.
A red film seems to cover your vision as you go berserk!
You feel yourself moving faster!
You feel mighty!
You barely miss Urug. You grab Urug.
Urug is lightly wounded.
You constrict Urug.
Your ice beast hits the tyrant leech but does no damage.
The tyrant leech barely misses your ice beast.
The eight-headed hydra is engulfed in blazing flames.
You slash Urug!
Your weapon exudes an aura of protection.
You tentacle-slap Urug, but do no damage.
You squeeze Urug.
Urug is moderately wounded.
You constrict Urug, but do no damage.
Your ice beast hits the tyrant leech.
Your ice beast freezes the tyrant leech!
The tyrant leech dies!
Sif Muna accepts your kill.
Urug is engulfed in blazing flames.
Urug completely misses you.
The eight-headed hydra is engulfed in blazing flames.
You slash Urug!
Urug is severely wounded.
You constrict Urug, but do no damage.
Urug is engulfed in blazing flames.
Urug hits you with a +3 eveningstar of holy wrath!!
* * * LOW HITPOINT WARNING * * *
The eight-headed hydra is engulfed in blazing flames.
Urug is engulfed in blazing flames.
Urug hits you with a +3 eveningstar of holy wrath!!
You die...

.......#___#__+...#...#..#..##..'
▓▓▓▓▓▓▓▓▓▓▓▓▓▓▓▓▓▓▓▓▓▓▓▓▓▓▓▓▓▓▓▓#
♣...§÷~........~~~...#
+..'.≈≈≈≈≈≈≈≈≈≈≈≈♣♣P.'
#.~......†......♣♣♣PP#
#.....☼°°..♣....♣ ♣♣♣# ##
+.:°§○.♣♣♣♣♣♣♣ ♣.†##o°##~~~
♣...##@##.# ♣♣. #Y## ## ♣ #.# ##.
.# .# ##


You could see Urug (ally target) and a friendly ice beast (summoned).

Vanquished Creatures
  A deep elf master archer (D)
  A deep elf demonologist (D)
  2 deep elf high priests (D)
  Erolcha (D)
  A deep elf knight (D)
  An orc high priest (D)
  A lindwurm (D)
  6 deep elf pyromancers (D)
  2 deep elf zephyrmancers (D)
  An orc sorcerer (D)
  2 cane toads (D)
  A komodo dragon (D)
  A queen bee (D)
  3 wandering mushrooms (D)
  A tyrant leech (D)
  A shadow (D)
  5 redbacks (D)
  5 two-headed ogres (D)
  A necrophage (D)
  A water elemental (D)
  32 killer bees (D)
  2 orc priests (D)
  Crazy Yiuf (D)
  A jelly (D)
  A wizard (D)
  3 orc wizards (D)
  A necromancer (D)
  3 humans (D)
  A kobold demonologist (D)
  10 orcs (D)
  An endoplasm (D)
  3 rats (D)
  A foxfire (D)
98 creatures vanquished.

Vanquished Creatures (collateral kills)
  A tyrant leech (D)
  6 foxfires (D)
7 creatures vanquished.

Vanquished Creatures (others)
  88 foxfires (D)
88 creatures vanquished.

Grand Total: 193 creatures vanquished

Notes
Turn   | Place    | Note
-------+----------+-------------------------------------------
     0 | D        | Conn the Octopode Fire Elementalist began the quest for the
                  | Orb.
     0 | D        | Reached XP level 1. HP: 11/11 MP: 3/3
    73 | D        | Noticed Crazy Yiuf
   124 | D        | Reached skill level 4 in Fire Magic
   124 | D        | Reached XP level 2. HP: 13/17 MP: 0/5
   130 | D        | Learned a level 2 spell: Scorch
   186 | D        | Killed Crazy Yiuf
   187 | D        | Reached skill level 5 in Fire Magic
   187 | D        | Reached XP level 3. HP: 21/21 MP: 2/7
   230 | D        | Gained mutation: You possess an exceptional clarity of
                  | mind. [potion of mutation]
   247 | D        | Learned a level 3 spell: Inner Flame
   247 | D        | Noticed a water elemental
   249 | D        | Killed a water elemental
   250 | D        | Reached skill level 5 in Stealth
   250 | D        | Reached skill level 6 in Fire Magic
   250 | D        | Reached XP level 4. HP: 27/27 MP: 3/10
   319 | D        | Found a radiant altar of Vehumet.
   319 | D        | Found a shimmering blue altar of Sif Muna.
   319 | D        | Found an ancient bone altar of Kikubaaqudgha.
   319 | D        | Noticed a wizard
   322 | D        | Killed a wizard
   323 | D        | Reached skill level 7 in Fire Magic
   323 | D        | Reached XP level 5. HP: 30/32 MP: 4/11
   325 | D        | Reached skill level 1 in Unarmed Combat
   330 | D        | Became a worshipper of Sif Muna the Loreminder
   426 | D        | Learned a level 4 spell: Flame Wave
   458 | D        | Found a glowing silver altar of Zin.
   458 | D        | Found a glowing golden altar of the Shining One.
   458 | D        | Found a white marble altar of Elyvilon.
   463 | D        | Noticed a deep elf pyromancer
   467 | D        | Killed a deep elf pyromancer
   468 | D        | Reached skill level 1 in Fighting
   468 | D        | Reached skill level 5 in Conjurations
   468 | D        | Reached skill level 10 in Fire Magic
   468 | D        | Reached XP level 6. HP: 29/39 MP: 4/16
   468 | D        | Reached XP level 7. HP: 33/44 MP: 4/18
   538 | D        | Noticed a human
   539 | D        | Noticed a human
   549 | D        | Killed a human
   553 | D        | Killed a human
   553 | D        | Reached * piety under Sif Muna
   554 | D        | Reached skill level 11 in Fire Magic
   554 | D        | Reached XP level 8. HP: 33/51 MP: 5/20
   657 | D        | Found a hide-covered altar of Uskayaw.
   657 | D        | Found an iron altar of Okawaru.
   657 | D        | Found a bloodstained altar of Trog.
   657 | D        | Found an ornate altar of the Wu Jian Council.
   672 | D        | Found a basalt altar of Yredelemnul.
   672 | D        | Found a shadowy altar of Dithmenos.
   672 | D        | Found a sacrificial altar of Ru.
   742 | D        | Reached ** piety under Sif Muna
   742 | D        | Noticed a shadow
   745 | D        | Killed a shadow
   896 | D        | Found a blossoming altar of Fedhas.
   896 | D        | Found a stormy altar of Qazlal.
   897 | D        | Found a snail-covered altar of Cheibriados.
   897 | D        | Found a burning altar of Makhleb.
   897 | D        | Found a hazy altar of Hepliaklqana.
   897 | D        | Found a shimmering altar of Xom.
   897 | D        | Found an opulent altar of Gozag.
   897 | D        | Found a sparkling altar of Nemelex Xobeh.
   897 | D        | Found a corrupted altar of Lugonu.
   897 | D        | Found a viscous altar of Jiyva.
   936 | D        | Reached skill level 12 in Fire Magic
  1021 | D        | Reached *** piety under Sif Muna
  1022 | D        | Reached skill level 10 in Spellcasting
  1022 | D        | Reached skill level 1 in Hexes
  1080 | D        | Noticed a two-headed ogre
  1116 | D        | Killed a two-headed ogre
  1230 | D        | Noticed a two-headed ogre
  1230 | D        | Noticed Erolcha
  1251 | D        | Reached **** piety under Sif Muna
  1252 | D        | Reached XP level 9. HP: 43/55 MP: 11/23
  1254 | D        | Reached ***** piety under Sif Muna
  1255 | D        | Reached skill level 1 in Invocations
  1263 | D        | Noticed an orc sorcerer
  1273 | D        | Paralysed by an orc sorcerer for 2 turns
  1275 | D        | Killed an orc sorcerer
  1275 | D        | Received a gift from Sif Muna
  1276 | D        | Reached skill level 13 in Fire Magic
  1383 | D        | Noticed an orc high priest
  1386 | D        | Noticed a soul eater
  1388 | D        | Killed an orc high priest
  1426 | D        | Noticed an orc sorcerer
  1567 | D        | Learned a level 5 spell: Fireball
  1577 | D        | Found Retad Roym's Antique Weapon Shoppe.
  1609 | D        | Bought a dazzling glaive for 195 gold pieces
  1609 | D        | Identified the +0 glaive of the Telling Madman {protect,
                  | rF+ Int+2 Dex+4} (You bought it in a shop in the Dungeon)
  1620 | D        | Noticed a deep elf pyromancer
  1620 | D        | Noticed a deep elf pyromancer
  1620 | D        | Noticed a deep elf knight
  1620 | D        | Noticed a deep elf zephyrmancer
  1620 | D        | Noticed a deep elf pyromancer
  1630 | D        | Killed a deep elf zephyrmancer
  1630 | D        | Received a gift from Sif Muna
  1631 | D        | Killed a deep elf pyromancer
  1632 | D        | Reached skill level 14 in Fire Magic
  1632 | D        | Reached skill level 5 in Invocations
  1632 | D        | Reached XP level 10. HP: 63/63 MP: 9/26
  1636 | D        | Killed a deep elf pyromancer
  1636 | D        | Killed a deep elf knight
  1639 | D        | Got Sif Muna's Handbook of Weathered Conjuring {god gift}
  1737 | D        | Killed a deep elf pyromancer
  1808 | D        | Identified the +7 morningstar of Qil Qopn {speed, rElec rF+
                  | rC-}
  1808 | D        | Noticed a deep elf pyromancer
  1828 | D        | Noticed a deep elf master archer
  1929 | D        | Noticed a deep elf pyromancer
  1932 | D        | Killed a deep elf pyromancer
  1936 | D        | Noticed a deep elf high priest
  1995 | D        | Killed a deep elf pyromancer
  1996 | D        | Reached skill level 15 in Fire Magic
  1998 | D        | Killed a deep elf high priest
  1998 | D        | Received a gift from Sif Muna
  1999 | D        | Reached skill level 10 in Conjurations
  2090 | D        | Learned a level 3 spell: Hailstorm
  2213 | D        | Noticed a deep elf high priest
  2217 | D        | Killed a deep elf high priest
  2218 | D        | Reached skill level 1 in Ice Magic
  2218 | D        | Reached XP level 11. HP: 67/67 MP: 14/29
  2289 | D        | Noticed a deep elf zephyrmancer
  2291 | D        | Killed a deep elf zephyrmancer
  2297 | D        | Noticed a deep elf demonologist
  2539 | D        | Killed a deep elf demonologist
  3048 | D        | Killed a deep elf master archer
  3137 | D        | Got the Tome of Sizzling Frost
  3137 | D        | Got the Excursus on Ectoplasm and the Escort
  3138 | D        | Identified the ring "Ydedeugi" {rF+ Int+3}
  3144 | D        | Identified the +9 falchion "Ygadomua" {heavy, Will+ rCorr
                  | Int-3 Stlth+}
  3149 | D        | Identified the +2 rapier of the Supporting Oracle {freeze,
                  | rF+}
  3191 | D        | Learned a level 8 spell: Ignition
  3197 | D        | Learned a level 5 spell: Summon Forest
  3240 | D        | Killed Erolcha
  3241 | D        | Reached skill level 1 in Summonings
  3300 | D        | Received a gift from Sif Muna
  3304 | D        | Reached skill level 16 in Fire Magic
  3312 | D        | Learned a level 4 spell: Summon Ice Beast
  3372 | D        | Received a gift from Sif Muna
  3372 | D        | Reached ****** piety under Sif Muna
  3374 | D        | Reached skill level 15 in Spellcasting
  3374 | D        | Reached skill level 5 in Ice Magic
  3374 | D        | Received a gift from Sif Muna
  3377 | D        | Received a gift from Sif Muna
  3380 | D        | Reached skill level 10 in Invocations
  3382 | D        | Got Sif Muna's Book of Unfortunate Glaciation {god gift}
  3382 | D        | Got Sif Muna's Discourse on Infected Reconstruction {god
                  | gift}
  3382 | D        | Got Sif Muna's Handbook of Unholy Violence {god gift}
  3472 | D        | Learned a level 4 spell: Iskenderun's Mystic Blast
  3514 | D        | Learned a level 6 spell: Starburst
  3557 | D        | Received a gift from Sif Muna
  3649 | D        | Reached skill level 5 in Dodging
  3649 | D        | Reached XP level 12. HP: 72/72 MP: 28/31
  3915 | D        | Received a gift from Sif Muna
  3916 | D        | Reached skill level 5 in Summonings
  3917 | D        | Noticed Urug
  3933 | D        | Noticed an eight-headed hydra
  3938 | D        | Mangled by Urug

Illustrated notes

Levels and vault maps discovered:
D:        dungeon_sprint_mu [sprint_mu_entry_forest, sprint_mu_temple_rooms,
          sprint_mu_d1_spiders, sprint_mu_d2_genie, sprint_mu_d3_branching,
          sprint_mu_orc_legion, sprint_mu_elf_gauntlet, sprint_mu_hive_nellie,
          sprint_mu_lair_fedhas, sprint_mu_vaults_butterflies,
          sprint_mu_slime_circle, sprint_mu_shoals_archi,
          sprint_mu_snake_twists, sprint_mu_blade_basic,
          sprint_mu_crypt_chambers, sprint_mu_tomb_spiral,
          sprint_mu_vestibule_basic, sprint_mu_gehenna_hellfire,
          sprint_mu_dis_giant, sprint_mu_tartarus_statrot,
          sprint_mu_cocytus_islands, sprint_mu_zot1]

Skill      XL: |  1  2  3  4  5  6  7  8  9 10 11 12 |
---------------+-------------------------------------+-----
Stealth        | 4 5 6 7 |  7.3
Conjurations   | 2 3 5 6 8 10 12 | 12.4
Fire Magic     | 4 5 6 7 10 11 12 14 15 16 | 16.5
Spellcasting   | 3 4 7 8 10 12 14 15 | 15.6
Dodging        | 3 4 5 |  5.0
Unarmed Combat | 1 2 |  2.1
Fighting       | 1 2 3 |  3.4
Hexes          | 1 3 4 |  4.5
Invocations    | 5 8 10 | 10.7
Ice Magic      | 1 6 |  6.5
Summonings     | 4 5 |  5.1

Action                     |  1- 3 |  4- 6 |  7- 9 | 10-12 || total
---------------------------+-------+-------+-------+-------++-------
  Melee: Unarmed           |    10 |       |       |       ||    10
         Tentacles         |     4 |       |       |     1 ||     5
         Constrict         |     1 |       |       |     1 ||     2
         Punch             |     1 |       |       |     1 ||     2
         Glaive            |       |       |       |     3 ||     3
   Cast: Foxfire           |    10 |       |     9 |    35 ||    54
         Scorch            |     2 |     6 |    30 |     8 ||    46
         Flame Wave        |       |     1 |     3 |     8 ||    12
         Inner Flame       |       |       |    11 |    11 ||    22
         Fireball          |       |       |     2 |    48 ||    50
         Hailstorm         |       |       |       |     8 ||     8
         Starburst         |       |       |       |     3 ||     3
         Summon Ice Beast  |       |       |       |     2 ||     2
 Invoke: Channel Magic     |       |       |     1 |     2 ||     3
    Use: Potion            |     1 |       |     1 |     4 ||     6
         Scroll            |       |       |     1 |     5 ||     6
 Armour: Skin              |       |       |       |     3 ||     3
  Dodge: Dodged            |     3 |     2 |     3 |    23 ||    31

Table legend: (Time is in decaauts)
 A = Elapsed time spent in this place.
 B = Non-inter-level travel time spent in this place.
 C = Inter-level travel time spent in this place.
 D = Time resting spent in this place.
 E = Time spent auto-exploring this place.
 F = Levels seen in this place.
 G = Mean time per level.
                   A        B        C        D        E       F      G
               +--------+--------+--------+--------+--------+-----+--------+
         Total |   3928 |   3928 |      0 |   2548 |      0 |   1 | 3928.0 |
       Dungeon |   3928 |   3928 |      0 |   2548 |      0 |   1 | 3928.0 |
               +--------+--------+--------+--------+--------+-----+--------+

Top non-repeatable levels by time:
       D: 3928 daAuts
